3A
ALAMEDA AIRMEN @ GRAND FORKS CATERPILLARS
07/19/2034
 
TOP OF THE 1ST
Alameda Airmen batting - Pitching for Grand Forks Caterpillars : RHP Ashley Keetley
Pitching: RHP Ashley Keetley
Batting: LHB Steve Williams 0-0: Ball
1-0: Ball
2-0: Ball
3-0: Called Strike
3-1: Base on Balls
Batting: RHB Cornelius Adkison 0-0: Ball
1-0: Foul Ball, location: 2F
1-1: Called Strike
1-2: SINGLE (Line Drive, 89S)
Steve Williams to second
Runner from 2nd tries for 3rd, SAFE, no throw
Batting: RHB Gang Jing 0-0: Called Strike
0-1: Foul Ball, location: 2F
0-2: Ball
1-2: Ball
2-2: Fly out, F9 (Line Drive, 9)
Runner from 3rd tags up, SCORES, throw made
Batting: SHB Cecil Nelson 0-0: Ball
1-0: Called Strike
1-1: Ball
2-1: Ball
3-1: Fly out, F7 (Flyball, 78M)
Batting: LHB Gabriel Montoya 0-0: Ball
1-0: Ball
2-0: Ball
3-0: Base on Balls
Cornelius Adkison to second
Batting: RHB Jim McMahon 0-0: Foul Ball, location: 2F
0-1: Called Strike
0-2: Ball
1-2: Foul Ball, location: 2F
1-2: SINGLE (Groundball, 34D)
Cornelius Adkison to third
Gabriel Montoya to second
Runner from 3rd tries for Home, SAFE, no throw
Batting: RHB Bob Smelcer 0-0: Swinging Strike
0-1: Called Strike
0-2: Foul Ball, location: 2F
0-2: Strikes out looking
Top of the 1st over - 2 runs, 2 hits, 0 errors, 2 left on base; Alameda 2 - Grand Forks 0
BOTTOM OF THE 1ST
Grand Forks Caterpillars batting - Pitching for Alameda Airmen : LHP Mark Garrett
Pitching: LHP Mark Garrett
Batting: RHB Glenn Randall 0-0: Ball
1-0: Ball
2-0: Ball
3-0: Called Strike
3-1: Base on Balls
Batting: RHB Andrew Bryant 0-0: Reached on error, E6 (Groundball, 6M)
Glenn Randall to second
Batting: LHB Félix Castellanos 0-0: Foul Ball, location: 2F
0-1: Called Strike
0-2: Foul Ball, location: 2F
0-2: Ball
1-2: Fly out, F8 (Flyball, 8RXD)
Runner from 2nd tags up, SAFE at 3rd, no throw
Batting: RHB Zitomir Weich 0-0: Ball
1-0: Ball
2-0: Swinging Strike
2-1: Ball
3-1: Fly out, F6 (Flyball, 6D)
Batting: RHB Xiong Phan 0-0: Ball
1-0: Called Strike
1-1: Foul Ball, location: 2F
1-2: Ball
2-2: Foul Ball, location: 2F
2-2: Foul Ball, location: 2F
2-2: Ball
3-2: Foul Ball, location: 2F
3-2: Foul Ball, location: 2F
3-2: Fly out, F8 (Flyball, 78D)
Bottom of the 1st over - 0 runs, 0 hits, 1 error, 2 left on base; Alameda 2 - Grand Forks 0
TOP OF THE 2ND
Alameda Airmen batting - Pitching for Grand Forks Caterpillars : RHP Ashley Keetley
Batting: RHB Clarence Coffin 0-0: DOUBLE (Line Drive, 7)
Batting: RHB Pablo Pagán 0-0: Ball
1-0: Ball
2-0: Called Strike
2-1: Swinging Strike
2-2: Foul Ball, location: 2F
2-2: Ball
3-2: Base on Balls
Batting: LHB Steve Williams 0-0: Ball
1-0: Ball
2-0: Ball
3-0: Called Strike
3-1: Foul Ball, location: 2F
3-2: Foul Ball, location: 2F
3-2: Foul Ball, location: 2F
3-2: Strikes out looking
Batting: RHB Cornelius Adkison 0-0: Ball
1-0: Called Strike
1-1: Foul Ball, location: 2F
1-2: Fly out, F9 (Flyball, 9)
Batting: RHB Gang Jing 0-0: Called Strike
0-1: Ball
1-1: Called Strike
1-2: Strikes out swinging
Top of the 2nd over - 0 runs, 1 hit, 0 errors, 2 left on base; Alameda 2 - Grand Forks 0
BOTTOM OF THE 2ND
Grand Forks Caterpillars batting - Pitching for Alameda Airmen : LHP Mark Garrett
Batting: RHB Blythe Plumpley 0-0: Ball
1-0: Called Strike
1-1: Foul Ball, location: 2F
1-2: Reached on error, E5 (Groundball, 5S)
Batting: RHB Gabriel Torres 0-0: Ball
1-0: Foul Ball, location: 2F
1-1: Ball
2-1: Called Strike
2-2: Fly out, F7 (Flyball, 7D)
Batting: LHB Jeremy Malzahn 0-0: Called Strike
0-1: SINGLE (Groundball, 15S) (infield hit)
Blythe Plumpley to second
Batting: SHB Temaki Yuka 0-0: Grounds into double play, 4-6-3 (Groundball, 4)
Bottom of the 2nd over - 0 runs, 1 hit, 1 error, 1 left on base; Alameda 2 - Grand Forks 0
TOP OF THE 3RD
Alameda Airmen batting - Pitching for Grand Forks Caterpillars : RHP Ashley Keetley
Batting: SHB Cecil Nelson 0-0: Ball
1-0: Called Strike
1-1: Ball
2-1: Foul Ball, location: 2F
2-2: Foul Ball, location: 2F
2-2: Strikes out swinging
Batting: LHB Gabriel Montoya 0-0: Ball
1-0: Swinging Strike
1-1: Ball
2-1: Ball
3-1: Foul Ball, location: 2F
3-2: Base on Balls
Batting: RHB Jim McMahon 0-0: Swinging Strike
0-1: Ball
1-1: Ball
2-1: Foul Ball, location: 2F
2-2: Ball
Throwing error on steal attempt, E2
Gabriel Montoya to third
3-2: Strikes out looking
Batting: RHB Bob Smelcer 0-0: Called Strike
0-1: Foul Ball, location: 2F
0-2: Ball
1-2: Ground out 5-3 (Groundball, 56)
Top of the 3rd over - 0 runs, 0 hits, 1 error, 1 left on base; Alameda 2 - Grand Forks 0
BOTTOM OF THE 3RD
Grand Forks Caterpillars batting - Pitching for Alameda Airmen : LHP Mark Garrett
Batting: RHB Glenn Randall 0-0: Ball
1-0: Ball
2-0: Foul Ball, location: 2F
2-1: Foul Ball, location: 2F
2-2: Ball
3-2: Base on Balls
Batting: RHB Andrew Bryant 0-0: Ball
Glenn Randall is caught stealing 2nd base
1-0: Ball
2-0: Fly out, F8 (Line Drive, 8LS)
Batting: LHB Félix Castellanos 0-0: Called Strike
0-1: Ball
1-1: Ball
2-1: Ball
3-1: Foul Ball, location: 2F
3-2: Base on Balls
Batting: RHB Zitomir Weich 0-0: Ball
1-0: Ball
2-0: Ball
3-0: Base on Balls
Félix Castellanos to second
Batting: RHB Xiong Phan 0-0: Fly out, F8 (Line Drive, 8RM)
Bottom of the 3rd over - 0 runs, 0 hits, 0 errors, 2 left on base; Alameda 2 - Grand Forks 0
TOP OF THE 4TH
Alameda Airmen batting - Pitching for Grand Forks Caterpillars : RHP Ashley Keetley
Batting: RHB Clarence Coffin 0-0: Swinging Strike
0-1: Ball
1-1: Ball
2-1: Called Strike
2-2: Foul Ball, location: 2F
2-2: Ball
3-2: SINGLE (Groundball, 6MD)
Batting: RHB Pablo Pagán 0-0: Called Strike
0-1: Ball
1-1: Ball
2-1: Swinging Strike
2-2: Ball
3-2: Foul Ball, location: 2F
3-2: Strikes out swinging
Batting: LHB Steve Williams 0-0: Ball
1-0: Ball
2-0: Called Strike
2-1: Foul Ball, location: 2F
2-2: Fly out, F8 (Flyball, 8LM)
Batting: RHB Cornelius Adkison 0-0: Ball
1-0: Swinging Strike
1-1: Ball
2-1: Ball
3-1: Foul Ball, location: 2F
3-2: Foul Ball, location: 2F
3-2: SINGLE (Groundball, 34D)
Clarence Coffin to second
Clarence Coffin to third
Batting: RHB Gang Jing 0-0: Foul Ball, location: 2F
0-1: Called Strike
0-2: Foul Ball, location: 2F
0-2: Foul Ball, location: 2F
0-2: Ball
1-2: DOUBLE (Line Drive, 9LM)
Clarence Coffin scores
Cornelius Adkison to third
Batting: SHB Cecil Nelson 0-0: Intentional Walk
Batting: LHB Gabriel Montoya 0-0: Ball
1-0: Foul Ball, location: 2F
1-1: Ball
2-1: Ball
3-1: Base on Balls
Cornelius Adkison scores
Gang Jing to third
Cecil Nelson to second
Batting: RHB Jim McMahon 0-0: Called Strike
0-1: Called Strike
0-2: Strikes out swinging
Top of the 4th over - 2 runs, 3 hits, 0 errors, 3 left on base; Alameda 4 - Grand Forks 0
BOTTOM OF THE 4TH
Grand Forks Caterpillars batting - Pitching for Alameda Airmen : LHP Mark Garrett
Batting: RHB Blythe Plumpley 0-0: Ball
1-0: Ball
2-0: Foul Ball, location: 2F
2-1: Hit by Pitch
Batting: RHB Gabriel Torres 0-0: Ball
1-0: Fly out, F4 (Line Drive, 4M)
Batting: LHB Jeremy Malzahn 0-0: Foul Ball, location: 2F
0-1: Ball
1-1: Ball
2-1: Ball
3-1: Called Strike
3-2: Grounds out, U3 (Groundball, 3L)
Batting: SHB Temaki Yuka 0-0: Ball
1-0: Foul Ball, location: 2F
1-1: Swinging Strike
1-2: DOUBLE (Line Drive, 89D)
Blythe Plumpley scores
Batting: RHB Glenn Randall 0-0: Ball
1-0: Called Strike
1-1: Ball
2-1: Swinging Strike
2-2: Ball
3-2: Base on Balls
Batting: RHB Andrew Bryant 0-0: Swinging Strike
0-1: Ball
1-1: Foul Ball, location: 2F
1-2: Strikes out swinging
Bottom of the 4th over - 1 run, 1 hit, 0 errors, 2 left on base; Alameda 4 - Grand Forks 1
TOP OF THE 5TH
Alameda Airmen batting - Pitching for Grand Forks Caterpillars : RHP Ashley Keetley
Batting: RHB Bob Smelcer 0-0: Ball
1-0: Ball
2-0: Ball
3-0: Called Strike
3-1: Called Strike
3-2: Fly out, F7 (Flyball, 78S)
Batting: RHB Clarence Coffin 0-0: SINGLE (Groundball, 6) (infield hit)
Pitching: RHP Pedro Ángel
Batting: RHB Pablo Pagán 0-0: Called Strike
0-1: Foul Ball, location: 2F
0-2: Ball
1-2: Strikes out looking
Batting: LHB Steve Williams 0-0: Foul Ball, location: 2F
0-1: Fly out, F7 (Flyball, 7S)
Top of the 5th over - 0 runs, 1 hit, 0 errors, 1 left on base; Alameda 4 - Grand Forks 1
BOTTOM OF THE 5TH
Grand Forks Caterpillars batting - Pitching for Alameda Airmen : LHP Mark Garrett
Batting: LHB Félix Castellanos 0-0: Called Strike
0-1: Ball
1-1: Foul Ball, location: 2F
1-2: Ball
2-2: Strikes out looking
Batting: RHB Zitomir Weich 0-0: Ball
1-0: Ball
2-0: Ball
3-0: Base on Balls
Pitching: RHP Ramón Serrano
Batting: RHB Xiong Phan 0-0: Ball
1-0: SINGLE (Groundball, 56S) (infield hit)
Zitomir Weich to second
Batting: RHB Blythe Plumpley 0-0: Ground out 6-3 (Groundball, 6S)
Zitomir Weich to third
Xiong Phan to second
Batting: RHB Gabriel Torres 0-0: Ball
1-0: Ball
2-0: Ball
3-0: Called Strike
3-1: Foul Ball, location: 2F
3-2: Ground out 1-3 (Groundball, 13S)
Bottom of the 5th over - 0 runs, 1 hit, 0 errors, 2 left on base; Alameda 4 - Grand Forks 1
TOP OF THE 6TH
Alameda Airmen batting - Pitching for Grand Forks Caterpillars : RHP Pedro Ángel
Batting: RHB Cornelius Adkison 0-0: Called Strike
0-1: TRIPLE (Flyball, 8LXD)
Batting: RHB Gang Jing 0-0: Ball
Wild Pitch!
Cornelius Adkison scores
1-0: Ball
2-0: Ball
3-0: Called Strike
3-1: Fly out, F7 (Line Drive, 7D)
Batting: SHB Cecil Nelson 0-0: Ball
1-0: Ball
2-0: Called Strike
2-1: Foul Ball, location: 2F
2-2: Ball
3-2: Hit by Pitch
Batting: LHB Gabriel Montoya 0-0: Fielders Choice at 2nd, 4-6 (Groundball, 4)
Batting: RHB Jim McMahon 0-0: Called Strike
0-1: Called Strike
0-2: Ball
1-2: Ball
2-2: Fielders Choice at 2nd, 5-4 (Groundball, 5)
Top of the 6th over - 1 run, 1 hit, 0 errors, 1 left on base; Alameda 5 - Grand Forks 1
BOTTOM OF THE 6TH
Grand Forks Caterpillars batting - Pitching for Alameda Airmen : RHP Ramón Serrano
Batting: LHB Jeremy Malzahn 0-0: Called Strike
0-1: SOLO HOME RUN (Flyball, 9D), Distance : 402 ft
Batting: SHB Temaki Yuka 0-0: Called Strike
0-1: Ball
1-1: Swinging Strike
1-2: Strikes out looking
Batting: RHB Glenn Randall 0-0: Called Strike
0-1: SINGLE (Line Drive, 7S)
Batting: RHB Andrew Bryant 0-0: Ball
1-0: Called Strike
1-1: Ball
2-1: Ball
3-1: Called Strike
3-2: Strikes out swinging
Batting: LHB Félix Castellanos 0-0: Ball
1-0: Ball
2-0: Foul Ball, location: 2F
2-1: Called Strike
2-2: Ball
3-2: Foul Ball, location: 2F
3-2: Ground out 4-3 (Groundball, 4)
Bottom of the 6th over - 1 run, 2 hits, 0 errors, 1 left on base; Alameda 5 - Grand Forks 2
TOP OF THE 7TH
Alameda Airmen batting - Pitching for Grand Forks Caterpillars : RHP Pedro Ángel
Batting: RHB Bob Smelcer 0-0: Called Strike
0-1: Ball
1-1: Foul Ball, location: 2F
1-2: Fly out, F7 (Flyball, 78M)
Batting: RHB Clarence Coffin 0-0: Called Strike
0-1: Ball
1-1: Ball
2-1: Foul Ball, location: 2F
2-2: Strikes out swinging
Batting: RHB Pablo Pagán 0-0: Swinging Strike
0-1: Foul Ball, location: 2F
0-2: Fly out, F9 (Flyball, 9S)
Top of the 7th over - 0 runs, 0 hits, 0 errors, 0 left on base; Alameda 5 - Grand Forks 2
BOTTOM OF THE 7TH
Grand Forks Caterpillars batting - Pitching for Alameda Airmen : RHP Ramón Serrano
Batting: RHB Zitomir Weich 0-0: Ball
1-0: Ball
2-0: Called Strike
2-1: Called Strike
2-2: Foul Ball, location: 2F
2-2: Foul Ball, location: 2F
2-2: Ball
3-2: Ground out 3-1 (Groundball, 23)
Batting: RHB Xiong Phan 0-0: Swinging Strike
0-1: Fly out, F7 (Flyball, 7S)
Batting: RHB Blythe Plumpley 0-0: Called Strike
0-1: Swinging Strike
0-2: Ball
1-2: Ball
2-2: Ball
3-2: Base on Balls
Pitching: RHP James McNeil
Batting: RHB Gabriel Torres 0-0: Called Strike
0-1: Swinging Strike
0-2: Ball
1-2: Foul Ball, location: 2F
1-2: Foul Ball, location: 2F
1-2: Foul Ball, location: 2F
1-2: Ball
2-2: Foul Ball, location: 2F
2-2: Ground out 5-3 (Groundball, 5S)
Bottom of the 7th over - 0 runs, 0 hits, 0 errors, 1 left on base; Alameda 5 - Grand Forks 2
TOP OF THE 8TH
Alameda Airmen batting - Pitching for Grand Forks Caterpillars : RHP Pedro Ángel
Batting: LHB Steve Williams 0-0: Bunted foul
0-1: Ball
1-1: TRIPLE (Flyball, 9D)
Batting: RHB Cornelius Adkison 0-0: Ball
1-0: SINGLE (Line Drive, 6M)
Steve Williams scores
Pitching: LHP Taylor Geldard
Batting: RHB Gang Jing 0-0: Ball
1-0: Foul Ball, location: 2F
1-1: Ball
2-1: Foul Ball, location: 2F
2-2: Ball
3-2: Foul Ball, location: 2F
3-2: Fly out, F8 (Flyball, 89M)
Batting: SHB Cecil Nelson 0-0: Foul Ball, location: 2F
0-1: Ball
1-1: Called Strike
1-2: DOUBLE (Line Drive, 7LM)
Cornelius Adkison to third
Cornelius Adkison scores
Batting: LHB Gabriel Montoya 0-0: Foul Ball, location: 2F
0-1: Ball
1-1: Swinging Strike
1-2: SINGLE (Groundball, 4MS) (infield hit)
Cecil Nelson to third
Batting: RHB Jim McMahon 0-0: SINGLE (Line Drive, 78S)
Cecil Nelson scores
Gabriel Montoya to second
Batting: RHB Bob Smelcer 0-0: Swinging Strike
0-1: Ball
1-1: Swinging Strike
1-2: Foul Ball, location: 2F
1-2: Ball
2-2: Strikes out swinging
Batting: RHB Clarence Coffin 0-0: Fly out, F9 (Flyball, 9S)
Top of the 8th over - 3 runs, 5 hits, 0 errors, 2 left on base; Alameda 8 - Grand Forks 2
BOTTOM OF THE 8TH
Grand Forks Caterpillars batting - Pitching for Alameda Airmen : RHP James McNeil
Now in RF: Senichi Ito
Batting: LHB Jeremy Malzahn 0-0: Ball
1-0: Swinging Strike
1-1: Swinging Strike
1-2: Ball
2-2: Ball
3-2: Foul Ball, location: 2F
3-2: Foul Ball, location: 2F
3-2: Base on Balls
Batting: SHB Temaki Yuka 0-0: Called Strike
0-1: Swinging Strike
0-2: Strikes out swinging
Batting: RHB Glenn Randall 0-0: Foul Ball, location: 2F
0-1: Foul Ball, location: 2F
0-2: Ball
1-2: Strikes out swinging
Batting: RHB Andrew Bryant 0-0: Ball
1-0: SINGLE (Line Drive, 6)
Jeremy Malzahn to second
Runner from 2nd tries for 3rd, SAFE, throw made to third
Batting: LHB Félix Castellanos 0-0: Swinging Strike
0-1: Called Strike
0-2: Ball
1-2: 3-RUN HOME RUN (Flyball, 89XD) (Inside the Park)
Pitching: RHP Mario Durán
Batting: RHB Zitomir Weich 0-0: Foul Ball, location: 2F
0-1: Swinging Strike
0-2: Ball
1-2: Ball
2-2: Ball
3-2: SINGLE (Groundball, 6MS) (infield hit)
Batting: RHB Xiong Phan 0-0: Ball
1-0: Foul Ball, location: 2F
1-1: Ball
2-1: Called Strike
2-2: Foul Ball, location: 2F
2-2: Ground out 5-3 (Groundball, 56S)
Bottom of the 8th over - 3 runs, 3 hits, 0 errors, 1 left on base; Alameda 8 - Grand Forks 5
TOP OF THE 9TH
Alameda Airmen batting - Pitching for Grand Forks Caterpillars : LHP Taylor Geldard
Batting: RHB Pablo Pagán 0-0: Foul Ball, location: 2F
0-1: Called Strike
0-2: Ball
1-2: Strikes out looking
Batting: LHB Steve Williams 0-0: Called Strike
0-1: Ball
1-1: SINGLE (Groundball, 6D)
Batting: RHB Cornelius Adkison 0-0: Called Strike
0-1: Ball
1-1: Swinging Strike
1-2: Strikes out swinging
Batting: RHB Gang Jing 0-0: Ball
1-0: Called Strike
1-1: Ball
2-1: Ball
3-1: Base on Balls
Steve Williams to second
Batting: SHB Cecil Nelson 0-0: Called Strike
0-1: Ball
1-1: Foul Ball, location: 2F
1-2: Strikes out looking
Top of the 9th over - 0 runs, 1 hit, 0 errors, 2 left on base; Alameda 8 - Grand Forks 5
BOTTOM OF THE 9TH
Grand Forks Caterpillars batting - Pitching for Alameda Airmen : RHP Mario Durán
Batting: RHB Blythe Plumpley 0-0: Ground out 5-3 (Groundball, 56)
Batting: RHB Gabriel Torres 0-0: Ball
1-0: Swinging Strike
1-1: Called Strike
1-2: Strikes out swinging
Batting: LHB Jeremy Malzahn 0-0: Called Strike
0-1: Ball
1-1: Foul Ball, location: 2F
1-2: Strikes out swinging
Bottom of the 9th over - 0 runs, 0 hits, 0 errors, 0 left on base; Alameda 8 - Grand Forks 5
Friday, March 29th, 2019 - OOTP Baseball 18.8 Build 76